 Dungeon Crawl Stone Soup version 0.16.1-51-g6203257 (webtiles) character file.

1001 yn94k0 the Ducker (level 8, 0/36 HPs)
             Began as a Spriggan Enchanter on June 29, 2015.
             Was an Initiate of Dithmenos.
             Slain by an ogre
             ... wielding a +0 giant club
              (12 damage)
             ... on level 4 of the Dungeon on July 5, 2015.
             The game lasted 02:09:45 (8822 turns).

yn94k0 the Ducker (Spriggan Enchanter)              Turns: 8822, Time: 02:09:45

Health: 0/36       AC:  7    Str:  7    XL:     8   Next: 0%
Magic:  24/24      EV: 22    Int: 18    God:    Dithmenos [......]
Gold:   64         SH:  0    Dex: 17    Spells: 5 memorised, 4 levels left

rFire  . . .     SeeInvis +     o - +4 dagger
rCold  . . .     Clarity  .     V - +2 robe {MR+}
rNeg   . . .     SustAb   +     (shield restricted)
rPois  .         Gourm    .     s - +2 hat
rElec  .         Spirit   .     P - +0 cloak
rCorr  .         Warding  .     (gloves unavailable)
rMut   .         Stasis   .     (boots unavailable)
MR     ++...                    (no amulet)
Stlth  ++++......               X - +3 ring of strength
                                h - ring of sustain abilities

@: very quick, very resistant to hostile enchantments, stealthy
A: unfitting armour, see invisible, herbivore 3, speed 3, slow metabolism 2
a: Renounce Religion


You were on level 4 of the Dungeon.
You worshipped Dithmenos.
Dithmenos was noncommittal.
You were not hungry.

You visited 2 branches of the dungeon, and saw 6 of its levels.

You collected 254 gold pieces.
You donated 190 gold pieces to Zin.

Inventory:

Hand weapons
 l - a +1 dagger of speed
 o - a +4 dagger (weapon)
 L - a +3 quarterstaff of chaos
Missiles
 a - 8 curare-tipped needles
 e - 7 needles of frenzy
 m - 5 silver javelins
 x - 4 javelins of returning (quivered)
 F - 9 sling bullets of flame
 Q - 15 poisoned needles
 S - 21 bolts of flame
Armour
 s - a +2 hat (worn)
 P - a +0 cloak (worn)
 V - a +2 robe of magic resistance (worn)
Magical staves
 Z - an uncursed staff of wizardry
Jewellery
 h - a ring of sustain abilities (left hand)
 v - an uncursed ring of sustain abilities
 C - a cursed -2 ring of dexterity
 X - a +3 ring of strength (right hand)
Magical devices
 I - a wand of confusion (18)
Scrolls
 g - 3 scrolls of remove curse
 j - 2 scrolls of random uselessness
 y - 3 scrolls of teleportation
 A - 2 scrolls of fog {unknown}
 J - 2 scrolls of enchant armour {unknown}
 R - a scroll of blinking {unknown}
 T - a scroll of identify
 W - a scroll of fear {unknown}
Potions
 f - 2 potions of poison {unknown}
 i - 3 potions of curing
 k - a potion of flight {unknown}
 q - a potion of cure mutation {unknown}
 r - a potion of invisibility {unknown}
 w - a potion of restore abilities {unknown}
 z - 2 potions of haste
 G - 2 potions of agility {unknown}
 H - 2 potions of might {unknown}
 N - a potion of heal wounds {unknown}
 Y - a potion of mutation {unknown}
Books
 c - a book of Maledictions

   Spells                             Type                      Level
   a - Corona                         Hexes                        1
   b - Sure Blade                     Hexes/Charms                 2
   c - Ensorcelled Hibernation        Hexes/Ice                    2
   d - Confuse                        Hexes                        3
   e - Dazzling Spray                 Conjuration/Hexes            3
   f - Enslavement                    Hexes                        4
Comestibles
 d - 2 bread rations
 n - 3 beef jerkies
 t - 5 fruits
 E - 2 slices of pizza
 U - 2 meat rations


   Skills:
 + Level 2.2 Short Blades
   Level 0.7 Polearms
   Level 1.4(1.5) Slings
 - Level 0.2(0.9) Throwing
 + Level 6.6 Dodging
 + Level 6.6 Stealth
 + Level 0.4 Unarmed Combat
 + Level 5.5 Spellcasting
 - Level 0.4 Conjurations
 + Level 5.8 Hexes
 + Level 1.7 Charms
 + Level 0.5 Ice Magic
 + Level 0.6 Invocations
 * Level 4.0 Evocations


You had 4 spell levels left.
You knew the following spells:

 Your Spells              Type           Power        Failure   Level  Hunger
a - Enslavement           Hex            ####....     14%         4    ####...
b - Sure Blade            Hex/Chrm       ###.......   4%          2    None
c - Dazzling Spray        Conj/Hex       ###.....     12%         3    ##.....
d - Confuse               Hex            ####....     3%          3    ##.....
e - Ensorcelled Hibernat  Hex/Ice        ###...       6%          2    None


Dungeon Overview and Level Annotations

Branches:
Dungeon (5/15)             Temple (1/1) D:4

Altars:
Ashenzari
Cheibriados
Dithmenos
Elyvilon
Fedhas
Gozag
Kikubaaqudgha
Makhleb
Nemelex Xobeh
Okawaru
Qazlal
Ru
Sif Muna
Trog
Vehumet
Xom
Yredelemnul
Zin
The Shining One

Shops:
D:5 [

Annotations:
D:5 Gargoyl's ghost, experienced GrBe


Innate Abilities, Weirdness & Mutations

You are tiny and cannot use many weapons and most armour.
You have supernaturally acute eyesight.
You are a herbivore.
You cover ground extremely quickly.
You need consume almost no food.


Message History

You hit the ogre.
The ogre is moderately wounded.
The ogre closely misses you.
You barely miss the ogre.
The ogre is moderately wounded.
The ogre completely misses you.
You hit the ogre.
The ogre is heavily wounded.
You hit the ogre but do no damage.
The ogre is heavily wounded.
The ogre completely misses you.
You barely miss the ogre.
The ogre is heavily wounded.
You hit the ogre.
The ogre is severely wounded.
The ogre hits you with a giant club!
You hit the ogre.
The ogre is severely wounded.
The ogre hits you with a giant club!
You die...

#.).....#.......##..####.##.#
#.......###..#...#.## #(##..
#####......#####[......## #..#..
#.............##........#####....
..####........##.##........###...
.## #...........##...<..#......#
.# #...#.####..........####...#
.# ##.#.>.# ##.#........###..<.
.####..#..## ##@##.....#......[#
...........####O.###....##...##.#
#####.......##..## #.........#...
#..........#####.............
###........##.........##.#...##
###...................#....#.....
#...#........########............
.......####### ####...#....#
#####..# ##...#....#


You could see an ogre.

Vanquished Creatures
  The ghost of oberhoschi the Skirmisher, an average MiBe of Trog (D:4)
  2 ogres
  A giant frog zombie (D:5)
  2 hounds
  3 orc priests (D:3)
  Crazy Yiuf (D:3)
  A centaur skeleton (D:5)
  3 iguanas
  A gnoll shaman (D:3)
  A worker ant (D:3)
  An orc wizard (D:3)
  Jessica (D:2)
  Robin (D:2)
  6 gnolls
  2 giant mites (D:4)
  3 adders
  4 worms
  An adder skeleton (D:4)
  15 orcs
  A bat zombie (D:5)
  2 giant cockroaches
  17 hobgoblins
  13 jackals
  A quokka (D:3)
  11 bats
  3 giant geckos
  8 giant newts
  17 goblins
  11 kobolds
  13 rats
  A spectral orc (D:5)
  2 butterflies (D:4)
150 creatures vanquished.

Vanquished Creatures (others)
  2 orcs (D:3)
2 creatures vanquished.

Grand Total: 152 creatures vanquished

Notes
Turn   | Place    | Note
--------------------------------------------------------------
     0 | D:1      | yn94k0, the Spriggan Enchanter, began the quest for the Orb.
     0 | D:1      | Reached XP level 1. HP: 9/9 MP: 4/4
   153 | D:1      | Reached XP level 2. HP: 5/13 MP: 7/7
   157 | D:1      | Learned a level 2 spell: Sure Blade
   160 | D:1      | Learned a level 2 spell: Ensorcelled Hibernation
  1072 | D:2      | Reached XP level 3. HP: 16/16 MP: 9/11
  1131 | D:2      | Noticed Robin
  1169 | D:2      | Killed Robin
  1203 | D:2      | Reached skill level 1 in Charms
  1344 | D:2      | Noticed Jessica
  1350 | D:2      | Learned a level 3 spell: Confuse
  1414 | D:2      | Found a glowing golden altar of the Shining One.
  1415 | D:2      | Found an iron altar of Okawaru.
  1433 | D:2      | Killed Jessica
  1433 | D:2      | Reached skill level 5 in Stealth
  1433 | D:2      | Reached XP level 4. HP: 13/21 MP: 1/13
  1654 | D:2      | Learned a level 4 spell: Enslavement
  2273 | D:3      | Reached skill level 1 in Slings
  2454 | D:3      | Found a glowing silver altar of Zin.
  2483 | D:3      | Found a shimmering altar of Xom.
  2499 | D:3      | Found an opulent altar of Gozag.
  2508 | D:3      | Found a radiant altar of Vehumet.
  2522 | D:3      | Became a worshipper of Zin the Law-Giver
  2522 | D:3      | Acquired Zin's first power
  2523 | D:3      | Donated 95 gold pieces to Zin
  2529 | D:3      | Donated 47 gold pieces to Zin
  2586 | D:3      | Reached XP level 5. HP: 24/24 MP: 13/16
  2654 | D:3      | Noticed Crazy Yiuf
  2673 | D:3      | Killed Crazy Yiuf
  3465 | D:4      | Noticed oberhoschi's ghost (average MiBe)
  3468 | D:4      | Zin protects you from harm!
  3761 | D:3      | Reached skill level 5 in Dodging
  3761 | D:3      | Reached XP level 6. HP: 16/28 MP: 3/20
  3766 | D:3      | Learned a level 3 spell: Dazzling Spray
  4530 | D:4      | Reached skill level 1 in Evocations
  4941 | D:3      | Donated 24 gold pieces to Zin
  5298 | D:4      | Killed oberhoschi's ghost
  5304 | D:4      | Found a staircase to the Ecumenical Temple.
  5918 | D:3      | Reached skill level 6 in Dodging
  5918 | D:3      | Reached skill level 5 in Hexes
  5918 | D:3      | Reached XP level 7. HP: 29/32 MP: 5/21
  6131 | D:4      | Found a sacrificial altar of Ru.
  6156 | D:4      | Upgraded the game from 0.16.1-30-g34a7ffa to 0.16.1-51-g6203257
  6653 | D:4      | Noticed an ogre
  6696 | D:4      | Killed an ogre
  6696 | D:4      | Reached skill level 5 in Spellcasting
  6877 | Temple   | Entered the Ecumenical Temple
  6891 | Temple   | Fell from the grace of Zin
  6891 | Temple   | Became a worshipper of Dithmenos the Shadowed
  7292 | D:5      | Entered Level 5 of the Dungeon
  7304 | D:5      | Learned a level 2 spell: Ensorcelled Hibernation
  8037 | D:5      | Found a basalt altar of Yredelemnul.
  8131 | D:5      | Noticed Gargoyl's ghost (experienced GrBe)
  8146 | D:5      | Found a bloodstained altar of Trog.
  8409 | D:5      | Reached XP level 8. HP: 36/36 MP: 24/24
  8461 | D:5      | Found Smekoiq's Antique Armour Shoppe.
  8822 | D:4      | Slain by an ogre

Action                   |  1- 3 |  4- 6 |  7- 9 || total
-------------------------+-------+-------+-------++-------
Melee: Dagger            |   129 |   298 |   187 ||   614
       Spear             |    22 |       |       ||    22
       Unarmed           |       |       |   103 ||   103
 Fire: Hunting sling     |       |    19 |       ||    19
Throw: Stone             |     6 |    11 |       ||    17
 Cast: Corona            |     3 |       |       ||     3
       Sure Blade        |     6 |     7 |       ||    13
       Ensorcelled Hiber |     4 |       |    15 ||    19
       Confuse           |     2 |    10 |    27 ||    39
       Enslavement       |       |    12 |       ||    12
       Dazzling Spray    |       |    22 |    10 ||    32
Invok: Recite            |       |     1 |       ||     1
  Use: Scroll            |       |     9 |     3 ||    12
       Potion            |       |       |     2 ||     2
 Stab: Sleeping          |     4 |     5 |    10 ||    19
       Confused          |     3 |    10 |    11 ||    24
       Distracted        |       |     1 |       ||     1
       Invisible         |       |     3 |     3 ||     6
  Eat: Bread ration      |       |     2 |     1 ||     3
